DSL
DSL WASHINGTON NATIONALS @ DSL COLORADO ROCKIES
06/07/2042
 
TOP OF THE 1ST
DSL Washington Nationals batting - Pitching for DSL Colorado Rockies : RHP José Ángel
Pitching: RHP José Ángel
Batting: RHB António Méndez 0-0: Ball
1-0: Ball
2-0: Ball
3-0: Base on Balls
Batting: RHB Bob Puckett 0-0: Ball
1-0: DOUBLE (Flyball, 8LXD, EV 110.6 MPH)
António Méndez to third
Batting: LHB Víctor Prieto 0-0: Ball
1-0: Called Strike
1-1: Swinging Strike
1-2: Foul Ball, location: 7LSFF
1-2: Strikes out swinging
Batting: RHB Juan Romero 0-0: Foul Ball, location: 9LMF
0-1: Ball
1-1: Ball
2-1: Ball
3-1: Fly out, F7 (Flyball, 7S, EV 72.5 MPH)
Batting: LHB Esteban López 0-0: Ground out 6-3 (Groundball, 6, EV 82.5 MPH)
Top of the 1st over - 0 runs, 1 hit, 0 errors, 2 left on base; DSL Washington 0 - DSL Colorado 0
BOTTOM OF THE 1ST
DSL Colorado Rockies batting - Pitching for DSL Washington Nationals : LHP Duane Simpson
Pitching: LHP Duane Simpson
Batting: RHB Luis Fuentes 0-0: Swinging Strike
0-1: Ball
1-1: Foul Ball, location: 2RF
1-2: Foul Ball, location: 2F
1-2: Ball
2-2: Foul Ball, location: 5FF
2-2: Ball
3-2: Foul Ball, location: 2RF
3-2: Strikes out swinging
Batting: LHB Luis Salazar 0-0: Called Strike
0-1: Called Strike
0-2: Strikes out swinging
Batting: LHB Raúl Rodríguez 0-0: Ball
1-0: Ball
2-0: Ground out 4-3 (Groundball, 34D, EV 98.8 MPH)
Bottom of the 1st over - 0 runs, 0 hits, 0 errors, 0 left on base; DSL Washington 0 - DSL Colorado 0
TOP OF THE 2ND
DSL Washington Nationals batting - Pitching for DSL Colorado Rockies : RHP José Ángel
Batting: LHB Jorge Salazar 0-0: Ball
1-0: Ball
2-0: Ball
3-0: Base on Balls
Batting: SHB Ken Keller 0-0: Bunted foul
0-1: Sac Bunt to 2L - play at first, batter OUT! 2-3
Jorge Salazar to second
Batting: LHB Maxim Trommel 0-0: Called Strike
0-1: Swinging Strike
0-2: Foul Ball, location: 2F
0-2: Strikes out swinging
Batting: RHB Tony Cruz 0-0: Ball
1-0: Foul Ball, location: 9LDF
1-1: Ball
2-1: Called Strike
2-2: Strikes out swinging
Top of the 2nd over - 0 runs, 0 hits, 0 errors, 1 left on base; DSL Washington 0 - DSL Colorado 0
BOTTOM OF THE 2ND
DSL Colorado Rockies batting - Pitching for DSL Washington Nationals : LHP Duane Simpson
Batting: RHB Danny Morris 0-0: Ball
1-0: Ball
2-0: Foul Ball, location: 2F
2-1: Fly out, F7 (Flyball, 7, EV 75.0 MPH)
Batting: RHB Luis Rosales 0-0: Ball
1-0: Called Strike
1-1: Ball
2-1: Foul Ball, location: 9LDF
2-2: Ball
3-2: Base on Balls
Batting: LHB David Salinas 0-0: Fielders Choice at 2nd, 4-6 (Groundball, 4, EV 86.3 MPH)
Batting: RHB José Ramírez 0-0: Ball
1-0: Swinging Strike
1-1: Ground out 5-3 (Groundball, 56S, EV 68.8 MPH)
Bottom of the 2nd over - 0 runs, 0 hits, 0 errors, 1 left on base; DSL Washington 0 - DSL Colorado 0
TOP OF THE 3RD
DSL Washington Nationals batting - Pitching for DSL Colorado Rockies : RHP José Ángel
Batting: RHB António Méndez 0-0: Called Strike
0-1: Ball
1-1: Ball
2-1: Called Strike
2-2: Ball
3-2: Base on Balls
Batting: RHB Bob Puckett 0-0: SINGLE (Groundball, 34D, EV 103.8 MPH)
António Méndez to second
Runner from 2nd tries for 3rd, SAFE, throw by RF made to third
Bob Puckett to second
Batting: LHB Víctor Prieto 0-0: Foul Ball, location: 7LDF
0-1: Foul Ball, location: 2F
0-2: Ball
1-2: Strikes out looking
Batting: RHB Juan Romero 0-0: Fly out, F9 (Flyball, 9LSF, EV 84.4 MPH)
Batting: LHB Esteban López 0-0: Ball
1-0: Called Strike
1-1: Ball
2-1: Ball
3-1: Foul Ball, location: 7LMF
3-2: Fly out, F8 (Flyball, 8LM, EV 84.4 MPH)
Top of the 3rd over - 0 runs, 1 hit, 0 errors, 2 left on base; DSL Washington 0 - DSL Colorado 0
BOTTOM OF THE 3RD
DSL Colorado Rockies batting - Pitching for DSL Washington Nationals : LHP Duane Simpson
Batting: RHB Chris Williams 0-0: Ball
1-0: Ball
2-0: Called Strike
2-1: Called Strike
2-2: Strikes out swinging
Batting: LHB Don Smiley 0-0: DOUBLE (Flyball, 8RD, EV 96.3 MPH)
Batting: RHB Luis Fuentes 0-0: Called Strike
0-1: Called Strike
0-2: Ball
1-2: Foul Ball, location: 2F
1-2: Ball
2-2: Ground out 6-3 (Groundball, 6, EV 81.3 MPH)
Batting: LHB Luis Salazar 0-0: Ball
1-0: Swinging Strike
1-1: Ball
2-1: Foul Ball, location: 2RF
2-2: Strikes out swinging
Bottom of the 3rd over - 0 runs, 1 hit, 0 errors, 1 left on base; DSL Washington 0 - DSL Colorado 0
TOP OF THE 4TH
DSL Washington Nationals batting - Pitching for DSL Colorado Rockies : RHP José Ángel
Batting: LHB Jorge Salazar 0-0: Foul Ball, location: 5FF
0-1: Foul Ball, location: 5SF
0-2: Ball
1-2: Ball
2-2: Strikes out swinging
Batting: SHB Ken Keller 0-0: Called Strike
0-1: Foul Ball, location: 2F
0-2: Foul Ball, location: 3SF
0-2: Strikes out swinging
Batting: LHB Maxim Trommel 0-0: Foul Ball, location: 9LSF
0-1: Called Strike
0-2: Strikes out looking
Top of the 4th over - 0 runs, 0 hits, 0 errors, 0 left on base; DSL Washington 0 - DSL Colorado 0
BOTTOM OF THE 4TH
DSL Colorado Rockies batting - Pitching for DSL Washington Nationals : LHP Duane Simpson
Batting: LHB Raúl Rodríguez 0-0: Fly out, F8 (Flyball, 89M, EV 91.9 MPH)
Batting: RHB Danny Morris 0-0: Ball
1-0: Ball
2-0: DOUBLE (Line Drive, 78D, EV 100.6 MPH)
Batting: RHB Luis Rosales 0-0: Ball
1-0: Ball
2-0: Called Strike
2-1: Ball
3-1: Foul Ball, location: 9LMF
3-2: Foul Ball, location: 2F
3-2: Foul Ball, location: 2F
3-2: Strikes out swinging
Batting: LHB David Salinas 0-0: Ball
1-0: Ground out 3-1 (Groundball, 34, EV 86.3 MPH)
Bottom of the 4th over - 0 runs, 1 hit, 0 errors, 1 left on base; DSL Washington 0 - DSL Colorado 0
TOP OF THE 5TH
DSL Washington Nationals batting - Pitching for DSL Colorado Rockies : RHP José Ángel
Batting: RHB Tony Cruz 0-0: Ball
1-0: Ball
2-0: Called Strike
2-1: Ball
3-1: Base on Balls
Batting: RHB António Méndez 0-0: Foul Ball, location: 7LMFF
0-1: Sac Bunt to 3S - play at first, batter OUT! 3-1
Tony Cruz to second
Batting: RHB Bob Puckett 0-0: Called Strike
0-1: Foul Ball, location: 2F
0-2: Hit by Pitch
Batting: LHB Víctor Prieto 0-0: Ball
1-0: Foul Ball, location: 2F
1-1: Called Strike
1-2: Strikes out looking
Batting: RHB Juan Romero 0-0: Ball
1-0: Foul Ball, location: 2F
1-1: Called Strike
1-2: Ball
2-2: Foul Ball, location: 5SF
2-2: Strikes out swinging
Top of the 5th over - 0 runs, 0 hits, 0 errors, 2 left on base; DSL Washington 0 - DSL Colorado 0
BOTTOM OF THE 5TH
DSL Colorado Rockies batting - Pitching for DSL Washington Nationals : LHP Duane Simpson
Batting: RHB José Ramírez 0-0: Ball
1-0: Ball
2-0: Foul Ball, location: 2F
2-1: Ball
3-1: Called Strike
3-2: Base on Balls
Batting: RHB Chris Williams 0-0: Sac Bunt to 13S - play at first, batter OUT! 1-3
José Ramírez to second
Batting: LHB Don Smiley 0-0: Ball
1-0: Ball
2-0: Called Strike
2-1: Foul Ball, location: 3DF
2-2: Foul Ball, location: 2F
2-2: Strikes out swinging
Batting: RHB Luis Fuentes 0-0: Ball
1-0: SINGLE (Groundball, 4M, EV 100.0 MPH)
José Ramírez to third
Runner from 3rd tries for Home, SAFE, throw by CF to home
Batting: LHB Luis Salazar 0-0: Ball
1-0: Ball
2-0: Called Strike
2-1: Foul Ball, location: 5FF
2-2: Ground out 4-3 (Groundball, 4, EV 85.6 MPH)
Bottom of the 5th over - 1 run, 1 hit, 0 errors, 1 left on base; DSL Washington 0 - DSL Colorado 1
TOP OF THE 6TH
DSL Washington Nationals batting - Pitching for DSL Colorado Rockies : RHP José Ángel
Pitching: RHP Juan Hernández
Batting: LHB Esteban López 0-0: Called Strike
0-1: Ball
1-1: SINGLE (Groundball, 34D, EV 101.9 MPH)
Batting: LHB Jorge Salazar
Pinch Hitting: LHB Jim McKee 0-0: Foul Ball, location: 23F
0-1: Swinging Strike
0-2: Strikes out swinging
Esteban López is caught stealing 2nd base 2-6
Batter strikes out.
Batting: RHB Alan Green 0-0: Swinging Strike
0-1: Ball
1-1: Foul Ball, location: 9LSF
1-2: Ball
2-2: Strikes out swinging
Top of the 6th over - 0 runs, 1 hit, 0 errors, 0 left on base; DSL Washington 0 - DSL Colorado 1
BOTTOM OF THE 6TH
DSL Colorado Rockies batting - Pitching for DSL Washington Nationals : LHP Duane Simpson
Pitching: LHP Tim Sullivan
Now at 1B: Víctor Prieto
Now in RF: Jim McKee
Batting: LHB Raúl Rodríguez 0-0: Ball
1-0: Ball
2-0: SINGLE (Line Drive, 56D, EV 100.0 MPH)
Batting: RHB Danny Morris 0-0: Ball
1-0: Ball
2-0: Foul Ball, location: 9LDF
2-1: Called Strike
2-2: Foul Ball, location: 2F
2-2: Strikes out swinging
Batting: RHB Luis Rosales 0-0: Called Strike
0-1: Called Strike
0-2: Grounds into double play, 6-4-3 (Groundball, 6, EV 83.1 MPH)
Bottom of the 6th over - 0 runs, 1 hit, 0 errors, 0 left on base; DSL Washington 0 - DSL Colorado 1
TOP OF THE 7TH
DSL Washington Nationals batting - Pitching for DSL Colorado Rockies : RHP Juan Hernández
Batting: LHB Maxim Trommel 0-0: Swinging Strike
0-1: Ball
1-1: Foul Ball, location: 7LSF
1-2: Strikes out swinging
Batting: RHB Tony Cruz 0-0: Foul Ball, location: 2F
0-1: Swinging Strike
0-2: Strikes out looking
Batting: RHB António Méndez 0-0: Hit by Pitch
Pinch Hitting: LHB Chu-yong Moon 0-0: Called Strike
0-1: Ball
1-1: Ball
Wild Pitch!
António Méndez to second
2-1: Ground out 4-3 (Groundball, 4, EV 96.9 MPH)
Top of the 7th over - 0 runs, 0 hits, 0 errors, 1 left on base; DSL Washington 0 - DSL Colorado 1
BOTTOM OF THE 7TH
DSL Colorado Rockies batting - Pitching for DSL Washington Nationals : LHP Tim Sullivan
Now at 2B: Rubén Gómez
Batting: LHB David Salinas 0-0: Ball
1-0: Called Strike
1-1: SINGLE (Line Drive, 5D, EV 107.5 MPH)
Batting: RHB José Ramírez 0-0: Ball
1-0: Foul Ball, location: 9LMF
1-1: Swinging Strike
1-2: 2-RUN HOME RUN (Flyball, 7LD, EV 90.6 MPH), Distance : 348 ft
Batting: RHB Chris Williams 0-0: Foul Ball, location: 2F
0-1: Fly out, F9 (Line Drive, 9, EV 95.0 MPH)
Batting: LHB Don Smiley 0-0: Foul Ball, location: 2F
0-1: Swinging Strike
0-2: Ball
1-2: Fly out, F9 (Flyball, 9, EV 85.0 MPH)
Batting: RHB Luis Fuentes 0-0: Swinging Strike
0-1: Foul Ball, location: 2F
0-2: Ball
1-2: Ball
2-2: Ball
3-2: Strikes out swinging
Bottom of the 7th over - 2 runs, 2 hits, 0 errors, 0 left on base; DSL Washington 0 - DSL Colorado 3
TOP OF THE 8TH
DSL Washington Nationals batting - Pitching for DSL Colorado Rockies : RHP Juan Hernández
Batting: LHB Víctor Prieto 0-0: Ball
1-0: Foul Ball, location: 3F
1-1: SINGLE (Flyball, 5D, EV 94.4 MPH)
Pinch Hitting: LHB Kevin McGilchrist 0-0: Ball
1-0: Ball
2-0: Ball
3-0: Base on Balls
Víctor Prieto to second
Pinch Hitting: RHB Alex Smith 0-0: TRIPLE (Line Drive, 78XD, EV 107.5 MPH)
Víctor Prieto scores
Kevin McGilchrist scores
Pitching: LHP Iván Gonzáles
Batting: LHB Jim McKee 0-0: Called Strike
0-1: Foul Ball, location: 7LDF
0-2: Ball
1-2: Strikes out looking
Batting: SHB Danny Felgate 0-0: Swinging Strike
0-1: Foul Ball, location: 9LDF
0-2: Strikes out swinging
Pinch Hitting: RHB Tony Seong-Rae 0-0: Ball
1-0: Called Strike
1-1: Ball
2-1: Foul Ball, location: 9LDF
2-2: Foul Ball, location: 9LMF
2-2: Strikes out looking
Top of the 8th over - 2 runs, 2 hits, 0 errors, 1 left on base; DSL Washington 2 - DSL Colorado 3
BOTTOM OF THE 8TH
DSL Colorado Rockies batting - Pitching for DSL Washington Nationals : LHP Tim Sullivan
Pitching: RHP Rubén León
Now at 3B: Damian Fantini
Now at SS: Danny Carlisle
Now in LF: António Méndez
Now in CF: Kevin McGilchrist
Batting: LHB Luis Salazar 0-0: Ball
1-0: SINGLE (Groundball, 34D, EV 98.1 MPH)
Batting: LHB Raúl Rodríguez 0-0: Foul Ball, location: 2F
0-1: Foul Ball, location: 2F
0-2: Strikes out looking
Batting: RHB Danny Morris 0-0: Ball
Pickoff Play to 1st, Runner tries for 2nd, OUT after rundown.
1-0: Ball
2-0: Foul Ball, location: 9LDF
2-1: Ball
3-1: Base on Balls
Batting: RHB Luis Rosales 0-0: Swinging Strike
0-1: Ball
1-1: Ground out 4-3 (Groundball, 34, EV 86.9 MPH)
Bottom of the 8th over - 0 runs, 1 hit, 0 errors, 1 left on base; DSL Washington 2 - DSL Colorado 3
TOP OF THE 9TH
DSL Washington Nationals batting - Pitching for DSL Colorado Rockies : LHP Iván Gonzáles
Pitching: RHP José Silva
Pinch Hitting: SHB Rod Walker 0-0: Swinging Strike
0-1: Foul Ball, location: 7LMF
0-2: Foul Ball, location: 3DF
0-2: Ball
1-2: Ground out U3 (Groundball, 3L, EV 103.1 MPH)
Batting: RHB António Méndez 0-0: Foul Ball, location: 7LSFF
0-1: Ball
1-1: Foul Ball, location: 25FF
1-2: Strikes out swinging
Pinch Hitting: SHB Alex Inman 0-0: Called Strike
0-1: Swinging Strike
0-2: Ball
1-2: Ball
2-2: Foul Ball, location: 5SF
2-2: Ball
3-2: Base on Balls
Batting: LHB Víctor Prieto 0-0: Swinging Strike
0-1: Foul Ball, location: 7LDF
0-2: Ground out 4-3 (Groundball, 34S, EV 83.1 MPH)
Top of the 9th over - 0 runs, 0 hits, 0 errors, 1 left on base; DSL Washington 2 - DSL Colorado 3
Wednesday, May 1st , 2024 - OOTP Baseball 24.10 Build 82